 Dungeon Crawl Stone Soup version 0.19.0 (webtiles) character file.

5033 Buncs the Archer (level 10, -17/126 HPs)
             Began as a Centaur Hunter on Nov 9, 2016.
             Was a Believer of Nemelex Xobeh.
             Demolished by a stone giant (24 damage)
             ... on level 1 of the Orcish Mines.
             The game lasted 01:32:37 (13094 turns).

Buncs the Archer (Centaur Hunter)                  Turns: 13094, Time: 01:32:38

Health: -17/126    AC: 25    Str: 15    XL:     10   Next: 30%
Magic:  11/11      EV:  1    Int: 10    God:    Nemelex Xobeh [**....]
Gold:   232        SH:  0    Dex: 16    Spells: 0 memorised, 9 levels left

rFire  . . .     SeeInvis .     e - +1 longbow
rCold  . . .     Gourm    .     (armour currently unavailable)
rNeg   + + +     Faith    .     (shield currently unavailable)
rPois  +         Spirit   .     (helmet currently unavailable)
rElec  .         Reflect  .     (cloak currently unavailable)
rCorr  .         Harm     .     (gloves currently unavailable)
MR     .....     NoTele   +     (no barding)
Stlth  ++........               H - amulet of rage
                                (no ring)
                                b - +3 ring of dexterity

@: tree-form
A: (hooves 0), (deformed body), (speed 0), (tough skin 0)
a: Renounce Religion, Evoke Berserk Rage


You were on level 1 of the Orcish Mines.
You worshipped Nemelex Xobeh.
Nemelex Xobeh was pleased with you.
You were not hungry.
You were a tree.
You visited 3 branches of the dungeon, and saw 11 of its levels.

You collected 436 gold pieces.
You spent 204 gold pieces at shops.

Inventory:

Hand Weapons
 e - a +1 longbow (weapon)
 p - a +1 dagger of venom
 s - a +2 whip of electrocution
 v - a +4 hand axe
 w - a cursed -3 trident
 z - a +2 hand axe of chopping
 L - a +3 spear
 M - a +2 spear
 T - a +0 shortbow of freezing
Missiles
 d - 59 arrows (quivered)
 j - 45 poisoned needles
 q - 89 bolts
 y - 7 curare-tipped needles
Armour
 n - a +0 leather armour (melded)
 o - a +0 cloak (melded)
 x - a +0 pair of gloves (melded)
 A - a +4 ring mail
 P - a +0 helmet (melded)
Jewellery
 b - a +3 ring of dexterity (left branch)
 H - an amulet of rage (around neck)
 N - an uncursed ring of wizardry
Scrolls
 a - a scroll of silence
 k - a scroll of magic mapping
 l - 2 scrolls of recharging
Potions
 f - 3 potions of might
 h - a potion of curing
 i - 2 potions of degeneration
 t - 3 potions of flight
 B - 2 potions of mutation {unknown}
 F - a potion of berserk rage {unknown}
 O - 2 potions of haste {unknown}
Books
 U - a book of Minor Magic

   Spells                             Type                      Level
   a - Magic Dart                     Conjuration                  1
   b - Blink                          Translocation                2
   c - Call Imp                       Summoning                    2
   d - Repel Missiles                 Charms/Air                   2
   e - Slow                           Hexes                        2
   f - Conjure Flame                  Conjuration/Fire             3
   g - Mephitic Cloud                 Conjuration/Poison/Air       3
 V - a book of Cantrips

   Spells                             Type                      Level
   a - Confusing Touch                Hexes                        1
   b - Animate Skeleton               Necromancy                   1
   c - Summon Small Mammal            Summoning                    1
   d - Apportation                    Translocation                1
Miscellaneous
 r - a plain deck of destruction {drawn: 1}
 E - a plain deck of escape
 Q - a plain deck of summoning {drawn: 3}
Comestibles
 c - 8 slices of pizza
 g - 3 meat rations
 u - 4 fruits
 D - 3 bread rations
 R - a beef jerky


   Skills:
 + Level 6.9 Fighting
 + Level 0.3 Short Blades
 + Level 3.1 Axes
   Level 1.8 Slings
 + Level 14.1 Bows
 + Level 0.2(1.1) Throwing
 + Level 3.7 Armour
 + Level 3.8 Dodging
 + Level 1.1 Stealth
 + Level 2.2 Invocations


You had 9 spell levels left.
You didn't know any spells.

Dungeon Overview and Level Annotations

Branches:
Dungeon (9/15)             Temple (1/1) D:4            Lair (0/6) D:9
    Orc (1/2) D:9

Altars:
Cheibriados
Dithmenos
Elyvilon
Fedhas
Hepliaklqana
Kikubaaqudgha
Makhleb
Nemelex Xobeh
Qazlal
Ru
Sif Muna
Trog
Uskayaw
Vehumet
Xom
Zin
The Shining One

Shops:
D:9 =


Innate Abilities, Weirdness & Mutations

((You have hooves in place of feet.))
((Armour fits poorly on your strangely shaped body.))
((You cover ground very quickly.))
((You have extremely tough skin. (AC +3)))


Message History

Your hellwing hits the stone giant. The stone giant hits your hellwing!!
Firing (i - inventory):
d - 61 arrows (quivered)
Press: ? - help, Shift-Dir - straight line, f/p - stone giant
Aim: a stone giant (moderately wounded) Really fire in your hellwing's direction?
You shoot an arrow. The arrow hits the stone giant!
The stone giant is moderately wounded.
The stone giant hits you!
* * * LOW HITPOINT WARNING * * *
Your hellwing completely misses the stone giant.
Your hellwing hits the stone giant.
Firing (i - inventory):
d - 60 arrows (quivered)
Press: ? - help, Shift-Dir - straight line, f/p - stone giant
Aim: a stone giant (moderately wounded) Really fire in your hellwing's direction?
You shoot an arrow. The arrow hits the stone giant!
The stone giant is heavily wounded.
The stone giant hits you!!
You die...
Your body disappears without a glow.

...............####
..................#
..........)......##
..................#
.........<........#
####...........####
#...........(.#
#....(.......##
#....(4C♣#..##
#......(######
##.......#
##.##..... ##
##....# ##...# ..#.
...#.


You could see a stone giant and a friendly hellwing.

Vanquished Creatures
  Grinder (D:3)
  A hippogriff (D:7)
  Eustachio (D:6)
  2 hell hounds (D:9)
  A black bear (D:9)
  3 orc warriors
  An ice beast (D:5)
  A sky beast (D:6)
  A necrophage (D:6)
  3 ogres
  A centaur (D:6)
  A big kobold (D:7)
  4 bullfrogs
  2 water moccasin skeletons
  4 scorpions
  A howler monkey (D:4)
  5 crimson imps
  2 jellies
  A bullfrog skeleton (D:6)
  A hound (D:8)
  5 orc priests
  2 iguanas
  4 orc wizards
  9 worker ants
  A hound skeleton (D:4)
  4 gnolls (D:3)
  16 adders
  An ooze (D:2)
  3 adder skeletons
  3 worms
  2 dart slugs (D:2)
  5 leopard geckos
  43 orcs
  7 giant cockroaches
  11 goblins
  10 hobgoblins
  12 jackals
  9 kobolds
  4 quokkas
  5 ball pythons
  12 bats
  6 frilled lizards
  9 rats
  2 plants (D:1)
222 creatures vanquished.

Vanquished Creatures (collateral kills)
  A hill giant (Orc:1)
  2 wyverns (D:8)
  A steam dragon (D:8)
  Duvessa (D:6)
  A water moccasin (D:8)
  An orc warrior (D:6)
  2 phantoms
  An ice beast (D:8)
  2 ogres
  A centaur (D:8)
  A scorpion (D:8)
  Dowan (D:6)
  3 wights (D:7)
  A centaur zombie (D:6)
  3 orc priests
  An iguana (D:8)
  4 orc wizards
  A worker ant (D:5)
  A hound zombie (D:5)
  An adder (D:8)
  A shadow imp (D:6)
  A worm (D:4)
  10 orcs
42 creatures vanquished.

Grand Total: 264 creatures vanquished

Notes
Turn   | Place    | Note
-------+----------+-------------------------------------------
     0 | D:1      | Buncs the Centaur Hunter began the quest for the Orb.
     0 | D:1      | Reached XP level 1. HP: 17/17 MP: 1/1
   214 | D:1      | Reached XP level 2. HP: 24/24 MP: 2/2
   355 | D:1      | Reached skill level 6 in Bows
  1144 | D:1      | Reached XP level 3. HP: 27/29 MP: 3/3
  2349 | D:2      | Reached skill level 1 in Slings
  2466 | D:2      | Reached XP level 4. HP: 37/37 MP: 4/4
  2971 | D:3      | Noticed an ogre
  3011 | D:2      | Killed an ogre
  3011 | D:2      | Reached skill level 7 in Bows
  3011 | D:2      | Reached XP level 5. HP: 16/44 MP: 5/5
  3296 | D:3      | Reached skill level 1 in Armour
  3540 | D:3      | Noticed an ogre
  3574 | D:3      | Killed an ogre
  3574 | D:3      | Reached XP level 6. HP: 51/51 MP: 6/6
  4192 | D:3      | Noticed Grinder
  4427 | D:3      | Paralysed by Grinder for 7 turns
  4497 | D:3      | Killed Grinder
  4497 | D:3      | Reached skill level 8 in Bows
  4497 | D:3      | Reached XP level 7. HP: 13/57 MP: 7/7
  4926 | D:3      | Reached skill level 9 in Bows
  5699 | D:4      | Found a staircase to the Ecumenical Temple.
  5751 | Temple   | Entered the Ecumenical Temple
  5911 | Temple   | Became a worshipper of Nemelex Xobeh the Trickster
  5959 | Temple   | Received a gift from Nemelex Xobeh
  6613 | D:5      | Entered Level 5 of the Dungeon
  6695 | D:5      | Reached skill level 1 in Axes
  6914 | D:5      | Reached skill level 10 in Bows
  6914 | D:5      | Reached XP level 8. HP: 55/66 MP: 8/8
  6941 | D:5      | Noticed a hellwing
  7262 | D:5      | Reached * piety under Nemelex Xobeh
  7896 | D:6      | Reached skill level 5 in Fighting
  7896 | D:6      | Reached skill level 1 in Stealth
  8043 | D:6      | Noticed Eustachio
  8086 | D:6      | Killed Eustachio
  8195 | D:6      | Reached skill level 1 in Invocations
  8294 | D:6      | Received a gift from Nemelex Xobeh
  8327 | D:6      | Noticed a red devil
  8354 | D:6      | Reached skill level 11 in Bows
  8494 | D:6      | Reached XP level 9. HP: 55/74 MP: 9/9
  9217 | D:6      | Noticed Duvessa
  9219 | D:6      | Noticed Dowan
  9225 | D:6      | Killed Dowan
  9228 | D:6      | Killed Duvessa
 10076 | D:7      | Reached skill level 12 in Bows
 10334 | D:7      | Reached ** piety under Nemelex Xobeh
 10364 | D:7      | Received a gift from Nemelex Xobeh
 11048 | D:8      | Reached skill level 13 in Bows
 11290 | D:8      | HP: 1/78 [wyvern (18)]
 11308 | D:9      | Received a gift from Nemelex Xobeh
 11811 | D:8      | Reached XP level 10. HP: 84/84 MP: 11/11
 12059 | D:9      | Found a staircase to the Lair.
 12119 | D:9      | Found Vanuoq's Jewellery Emporium.
 12160 | D:9      | Bought a +3 ring of dexterity for 204 gold pieces
 12868 | D:9      | Received a gift from Nemelex Xobeh
 12970 | D:9      | Found a staircase to the Orcish Mines.
 13040 | Orc:1    | Entered Level 1 of the Orcish Mines
 13040 | Orc:1    | Noticed a hill giant
 13044 | Orc:1    | Killed a hill giant
 13044 | Orc:1    | Reached skill level 14 in Bows
 13078 | Orc:1    | Noticed a stone giant
 13094 | Orc:1    | Demolished by a stone giant

Skill      XL: |  1  2  3  4  5  6  7  8  9 10 |
---------------+-------------------------------+-----
Bows           | 6 7 8 10 11 13 14 | 14.1
Slings         | 1 |  1.8
Dodging        | 2 3 |  3.8
Armour         | 1 2 3 |  3.7
Fighting       | 3 4 5 6 |  6.9
Axes           | 1 2 3 |  3.1
Stealth        | 1 |  1.1
Invocations    | 1 2 |  2.2
Short Blades   | |  0.3
Throwing       | |  0.2

Action                   |  1- 3 |  4- 6 |  7- 9 | 10-12 || total
-------------------------+-------+-------+-------+-------++-------
Melee: Short sword       |   110 |       |       |       ||   110
       Kick              |    58 |     5 |    30 |       ||    93
       Dagger            |    21 |    34 |     7 |       ||    62
       Hand axe          |       |       |   124 |       ||   124
       Shortbow          |       |       |     3 |       ||     3
 Fire: Shortbow          |    92 |   133 |   178 |       ||   403
       Hunting sling     |    37 |    33 |       |       ||    70
       Longbow           |       |       |   201 |   115 ||   316
Throw: Stone             |       |     4 |     2 |       ||     6
Evoke: Deck              |       |       |    16 |     3 ||    19
  Use: Scroll            |     3 |     2 |    17 |     2 ||    24
       Potion            |     3 |     3 |     8 |     2 ||    16
  Eat: Bread ration      |     1 |     1 |       |       ||     2
       Fruit             |       |     2 |     6 |       ||     8
       Beef jerky        |       |     1 |       |       ||     1
       Pizza             |       |     2 |       |       ||     2
       Meat ration       |       |       |     2 |       ||     2
Armor: Leather armour    |    49 |    74 |   144 |     7 ||   274
Dodge: Dodged            |    54 |    99 |   209 |    15 ||   377
